 Dungeon Crawl Stone Soup version 0.27.1-3-gb3d3a73c9e (webtiles) character file.

Game seed: 11189873168606950249

8292 CuBeRJAN3 the Fighter (level 11, -2/86 HPs)
             Began as a Djinni Fire Elementalist on Oct 22, 2021.
             Was a Believer of Makhleb.
             Slain by a boulder beetle (46 damage)
             ... on level 10 of the Dungeon.
             The game lasted 00:47:22 (16850 turns).

CuBeRJAN3 the Fighter (Djinni Fire Elementalist)   Turns: 16850, Time: 00:47:22

Health: -2/86      AC:  6    Str:  7    XL:     11   Next: 53%
Gold:   427        EV: 12    Int: 20    God:    Makhleb [**....] SH:  0 Dex: 14

rFire    + + .     SeeInvis .   (no weapon)
rCold    x . .     Faith    .   (no shield)
rNeg     . . .     Spirit   .   a - +2 robe
rPois    ∞         Reflect  .   A - +0 helmet
rElec    .         Harm     .   (no cloak)
rCorr    .         Rampage  .   C - +0 pair of gloves "Recraq" {Will+}
Will     ++...                  (boots unavailable)
Stlth    +++.......             (no amulet)
HPRegen  0.24/turn              (no ring)
MPRegen  0.00/turn              (no ring)

@: flying
A: sickness immunity, fire resistance 2, cold vulnerability 1, float, innate
caster, hp casting, extra vitality 1
a: Renounce Religion, Minor Destruction


You were on level 10 of the Dungeon.
You worshipped Makhleb.
Makhleb was pleased with you.
You visited 2 branches of the dungeon, and saw 11 of its levels.
You also visited: Ossuary.

You collected 632 gold pieces.
You spent 205 gold pieces at shops.

Inventory:

Armour
 a - a +2 robe (worn)
 A - a +0 helmet (worn)
 C - the +0 pair of gloves "Recraq" (worn) {Will+}
   (You bought it in a shop on level 7 of the Dungeon)

   Will:      It increases your willpower.
Wands
 f - a wand of iceblast (5)
 k - a wand of charming (8)
 q - a wand of polymorph (12)
 y - a wand of acid (12)
 F - a wand of flame (19)
Scrolls
 b - 4 scrolls of amnesia
 c - a scroll of immolation
 e - 3 scrolls of vulnerability
 i - 3 scrolls of torment
 p - 2 scrolls of fog {unknown}
 s - 4 scrolls of noise
 t - 3 scrolls of blinking
 v - 2 scrolls of teleportation
 x - a scroll of enchant weapon {unknown}
 D - a scroll of magic mapping {unknown}
 E - a scroll of brand weapon {unknown}
Potions
 g - 6 potions of mutation
 h - 6 potions of brilliance
 j - a potion of berserk rage {unknown}
 l - 2 potions of degeneration {unknown}
 m - 2 potions of haste {unknown}
 n - 4 potions of curing
 o - 4 potions of lignification {unknown}
 r - 2 potions of resistance {unknown}
 u - 2 potions of ambrosia {unknown}
 w - 3 potions of might
 z - a potion of attraction {unknown}
 B - a potion of flight {unknown}


   Skills:
 * Level 10.8 Fighting
 - Level 2.2 Dodging
 + Level 7.2 Stealth
 * Level 8.9 Spellcasting


You couldn't memorise any spells.
You knew the following spells:

 Your Spells              Type           Power      Damage    Failure   Level
a - Foxfire               Conj/Fire      100%       2x1d9     1%          1
b - Conjure Flame         Conj/Fire      44%        6-21      1%          3
c - Inner Flame           Hex/Fire       44%        N/A       1%          3
d - Sticky Flame          Conj/Fire      44%        2d6       1%          4
e - Fireball              Conj/Fire      22%        3d10      5%          5
f - Freeze                Ice            100%       1d11      1%          1
g - Searing Ray           Conj           88%        3d6       1%          2
h - Mephitic Cloud        Conj/Pois/Air  44%        N/A       1%          3
i - Iskenderun's Mystic   Conj/Tloc      44%        2d10      1%          4
j - Lee's Rapid Deconstr  Erth           22%        3d13*     5%          5
Your spell library was empty.

Dungeon Overview and Level Annotations

Branches:
Dungeon (10/15)            Temple (1/1) D:6         Ossuary (visited)
   Lair: D:8-11         Orc: D:9-12

Altars:
Ashenzari
Cheibriados
Dithmenos
Elyvilon
Fedhas
Gozag
Hepliaklqana
Kikubaaqudgha
Makhleb
Nemelex Xobeh
Okawaru
Qazlal
Ru
Sif Muna
Trog
Uskayaw
Vehumet
Wu Jian
Xom
Yredelemnul
Zin
The Shining One

Shops:
D:7 [

Annotations:
D:1 1 exclusion
D:6 1 exclusion, Maggie


Innate Abilities, Weirdness & Mutations

You are immune to sickness and miasma.
You are immune to poison.
Your flesh is very heat resistant. (rF++)
You are vulnerable to cold. (rC-)
You float through the air rather than walking.
You learn spells naturally, not from books.
Your magical power is your life essence.
You have superior vitality. (+4 HP)


Message History

There is an open door here.
o - 4 grey potions (gained 1)
There is an open door here.
Found 17 arrows.
Found 17 stones.
Okay, then.
Found 19 gold pieces.
A boulder beetle comes into view.
The boulder beetle curls into a ball and begins rolling!
The boulder beetle hits you!!
The boulder beetle stops rolling and uncurls.
Casting: Searing Ray (safe; 1% risk of failure)
Confirm with . or Enter, or press ? or * to list all spells.
You erupt in a blast of force!
The mystic blast hits the boulder beetle but does no damage.
The boulder beetle barely misses you.
Casting: Iskenderun's Mystic Blast (dangerous; 1% risk of failure)
Confirm with . or Enter, or press ? or * to list all spells.
You erupt in a blast of force!
The mystic blast hits the boulder beetle but does no damage.
The boulder beetle barely misses you.
Casting: Iskenderun's Mystic Blast (dangerous; 1% risk of failure)
Confirm with . or Enter, or press ? or * to list all spells.
You erupt in a blast of force!
The mystic blast hits the boulder beetle!
The boulder beetle is lightly wounded.
The boulder beetle is knocked back by the mystic blast.
The boulder beetle curls into a ball and begins rolling!
The boulder beetle hits you!
The boulder beetle stops rolling and uncurls.
You feel much better. The boulder beetle bites you!
The boulder beetle curls into a ball and begins rolling!
The boulder beetle hits you!
The boulder beetle stops rolling and uncurls.
The boulder beetle bites you!
* * * LOW HITPOINT WARNING * * *
The boulder beetle curls into a ball and begins rolling!
You feel much better. The boulder beetle hits you!!!
Ouch! That really hurt!
You die...

####+###.#....#....+
#........ #.#.##.#....#
#........ #.#..#.#....#
#........ #.##.#.#....#
##....... #....#.#....##
#....### ######.#.....#
#....# #.......○...# #....#
#.........B...# ##....#
#..######.@..##...#.....##
#. #....#....#..)...# #..
#....#....#......# #..#
#....#....#).)...# #..#
#....#....#).....#
#..######....#..>.#......#
#.....B○.....#....#......#.
+....°.......#....#......#.
#...°........##'###......#+


You could see a boulder beetle (rolling).

Vanquished Creatures
  2 two-headed ogres
  Pikel (D:5)
  A wyvern (D:8)
  10 yaks
  A basilisk (D:8)
  Edmund (D:6)
  2 water moccasins
  2 ice beasts
  A sky beast (D:4)
  5 orc warriors
  A black bear (D:6)
  5 ogres
  5 necrophages
  3 centaurs
  2 lemures (D:5)
  2 kobold brigands
  4 bullfrogs
  A wyvern skeleton (D:5)
  5 killer bees (D:9)
  4 howler monkeys
  6 centaur zombies
  2 jellies
  2 orc priests
  A gnoll shaman (D:6)
  7 hounds
  A bullfrog skeleton (D:5)
  A centaur skeleton (D:7)
  A scorpion zombie (D:5)
  4 iguanas
  15 orc wizards
  A killer bee zombie (D:7)
  2 ogre zombies (Ossuary)
  7 mummies (Ossuary)
  A howler monkey zombie (D:9)
  4 gnolls (D:6)
  9 adders
  2 white imps (D:5)
  6 adder zombies
  An adder skeleton (D:5)
  A worm (D:3)
  7 dart slugs
  19 orcs
  7 bats
  9 endoplasms
  6 giant cockroaches
  10 goblins
  8 hobgoblins
  4 jackals
  2 quokkas
  6 ball pythons
  5 frilled lizards
  A gnoll zombie (Ossuary)
  5 goblin zombies (Ossuary)
  3 hobgoblin zombies (Ossuary)
  8 kobolds
  5 kobold zombies (Ossuary)
  2 orc zombies (Ossuary)
  A quokka skeleton (D:4)
  3 quokka zombies (Ossuary)
  9 rats
  A rat zombie (Ossuary)
253 creatures vanquished.

Vanquished Creatures (others)
  An orc wizard (D:7)
  576 foxfires
577 creatures vanquished.

Grand Total: 830 creatures vanquished

Notes
Turn   | Place    | Note
-------+----------+-------------------------------------------
     0 | D:1      | CuBeRJAN3 the Djinni Fire Elementalist began the quest for
                  | the Orb.
     0 | D:1      | Reached XP level 1. HP: 15/15 MP: 0/0
   108 | D:1      | Reached XP level 2. HP: 15/22 MP: 0/0
   331 | D:1      | Reached skill level 1 in Fighting
   781 | D:1      | Reached XP level 3. HP: 24/27 MP: 0/0
   781 | D:1      | Learned a level 1 spell: Freeze
  1591 | D:2      | Reached XP level 4. HP: 26/33 MP: 0/0
  1725 | D:2      | Reached skill level 2 in Fighting
  2395 | D:2      | Reached XP level 5. HP: 38/39 MP: 0/0
  2395 | D:2      | Learned a level 2 spell: Searing Ray
  3407 | D:3      | Found a faded altar of an unknown god.
  3797 | D:4      | Noticed a sky beast
  3808 | D:4      | Killed a sky beast
  3809 | D:4      | Reached skill level 3 in Fighting
  3809 | D:4      | Reached XP level 6. HP: 3/46 MP: 0/0
  4842 | D:4      | Noticed an ogre
  4854 | D:4      | Killed an ogre
  4855 | D:4      | Reached skill level 4 in Fighting
  4855 | D:4      | Reached XP level 7. HP: 39/52 MP: 0/0
  4855 | D:4      | Learned a level 3 spell: Mephitic Cloud
  5534 | D:5      | Entered Level 5 of the Dungeon
  5578 | D:5      | Reached XP level 8. HP: 39/58 MP: 0/0
  5580 | D:5      | Reached skill level 5 in Fighting
  5851 | D:5      | Found a sand-covered staircase.
  5862 | Ossuary  | Entered an ossuary
  6424 | Ossuary  | Reached skill level 5 in Spellcasting
  7466 | D:5      | Noticed Pikel
  7477 | D:5      | Killed Pikel
  7478 | D:5      | Reached skill level 6 in Fighting
  7478 | D:5      | Reached XP level 9. HP: 34/67 MP: 0/0
  7478 | D:5      | Learned a level 4 spell: Iskenderun's Mystic Blast
  8602 | D:6      | Reached skill level 7 in Fighting
  8742 | D:6      | Noticed Maggie
  8743 | D:6      | Noticed Edmund
  9100 | D:6      | Reached skill level 5 in Stealth
  9474 | D:6      | Found a staircase to the Ecumenical Temple.
  9530 | Temple   | Entered the Ecumenical Temple
  9655 | Temple   | Became a worshipper of Makhleb the Destroyer
  9685 | D:6      | Killed Edmund
  9833 | D:6      | Reached skill level 8 in Fighting
  9950 | D:6      | Found a broken altar of Ashenzari.
 10148 | D:6      | Reached XP level 10. HP: 69/76 MP: 0/0
 11098 | D:7      | Got the Grimoire of Supportive Transmutation
 11105 | D:7      | Found Owoujoog's Armour Shoppe.
 11108 | D:7      | Bought the +0 pair of gloves "Recraq" {Will+} for 205 gold
                  | pieces
 11434 | D:7      | Reached * piety under Makhleb
 11548 | D:7      | Found an ornate altar of the Wu Jian Council.
 11552 | D:7      | Found a hazy altar of Hepliaklqana.
 11555 | D:7      | Found a basalt altar of Yredelemnul.
 11677 | D:7      | You are sucked into a shaft and drop 2 floors!
 12025 | D:8      | Reached skill level 9 in Fighting
 12140 | D:8      | Noticed a two-headed ogre
 13621 | D:8      | Killed a two-headed ogre
 13622 | D:8      | Reached XP level 11. HP: 59/85 MP: 0/0
 13622 | D:8      | Learned a level 5 spell: Lee's Rapid Deconstruction
 13900 | D:8      | Reached skill level 10 in Fighting
 16200 | D:10     | Entered Level 10 of the Dungeon
 16217 | D:10     | Noticed a two-headed ogre
 16228 | D:10     | Killed a two-headed ogre
 16679 | D:10     | Reached ** piety under Makhleb
 16820 | D:10     | Noticed a boulder beetle
 16850 | D:10     | Slain by a boulder beetle

Illustrated notes

Levels and vault maps discovered:
D:1:      dpeg_arrival_tiny_k, layout_rooms
D:2:      layout_basic, kennysheep_generic_room_14
D:3:      layout_basic, dreamdust_ecumenical_altar_statues, bh_walls_and_bars
D:4:      cheibrodos_quashed, layout_loops_ring, grunt_ministairs_4
D:5:      layout_basic, nicolae_ossuary_entry_monument,
          kennysheep_decorative_pillar, uniq_pikel
D:6:      layout_basic, lemuel_crystal_altar, minmay_temple_entry_water_ring,
          uniq_edmund, uniq_maggie
D:7:      minmay_flawed_box, layout_layer_cave,
          minmay_overflow_temple_star_quad, enter_bailey_5, serial_shops, shop
D:8:      layout_basic
D:9:      layout_stronghold, corner_web_ring
D:10:     layout_irregular_city, lair_entry_dummy, patterned_corridor
Temple:   regret_index_temple_mists

Skill      XL: |  1  2  3  4  5  6  7  8  9 10 11 |
---------------+----------------------------------+-----
Fighting       | 1 2 3 4 6 8 9 10 | 10.8
Stealth        | 2 3 4 5 6 7 |  7.2
Spellcasting   | 3 4 5 6 8 |  8.9
Dodging        | |  2.2

Action                   |  1- 3 |  4- 6 |  7- 9 | 10-12 || total
-------------------------+-------+-------+-------+-------++-------
Melee: Dagger            |    10 |       |       |       ||    10
       Mace              |     6 |    13 |     3 |       ||    22
 Cast: Foxfire           |    47 |   118 |    72 |   111 ||   348
       Searing Ray       |       |     6 |    70 |    30 ||   106
       Conjure Flame     |       |     1 |       |       ||     1
       Inner Flame       |       |     1 |       |       ||     1
       Sticky Flame      |       |       |    12 |     4 ||    16
       Iskenderun's Myst |       |       |     3 |    19 ||    22
       Fireball          |       |       |     1 |    22 ||    23
       Lee's Rapid Decon |       |       |       |    11 ||    11
  Use: Scroll            |       |     4 |     7 |     5 ||    16
       Potion            |       |       |       |     2 ||     2
Armor: Robe              |     8 |     6 |    14 |    15 ||    43
Dodge: Dodged            |    18 |    23 |    41 |    50 ||   132
